 Dungeon Crawl Stone Soup version 0.29-a0-418-gc0181ea820 (webtiles) character file.

Game seed: 2032490510157338726

305 sammy202020 the Skirmisher (level 6, -10/49 HPs)
             Began as a Demonspawn Berserker on May 17, 2022.
             Was a Follower of Trog.
             Mangled by an ogre
             ... wielding a +0 giant spiked club
              (12 damage)
             ... on level 4 of the Dungeon.
             The game lasted 00:05:36 (5262 turns).

sammy202020 the Skirmisher (Demonspawn Berserker)   Turns: 5262, Time: 00:05:37

Health: -10/49     AC: 10    Str: 18    XL:     6   Next: 15%
Magic:  6/6        EV:  7    Int: 16    God:    Trog [*.....]
Gold:   206        SH:  3    Dex: 12    Spells: 5/5 levels left

rFire   . . .      SeeInvis .   a - +0 hand axe (flame)
rCold   . . .      Faith    .   r - +0 buckler
rNeg    . . .      Spirit   .   n - +0 chain mail
rPois   .          Reflect  .   (helmet restricted)
rElec   .          Harm     .   b - +0 cloak
rCorr   .          Rampage  .   (no gloves)
Will    +....                   (no boots)
Stlth   ..........              (no amulet)
HPRegen 0.16/turn               l - +6 ring of intelligence
MPRegen 0.20/turn               f - ring of willpower

@: no status effects
A: antennae 1, hooves 1, magic regeneration
a: Renounce Religion, Berserk


You were on level 4 of the Dungeon.
You worshipped Trog.
Trog was aware of your devotion.
You visited 1 branch of the dungeon, and saw 4 of its levels.

You collected 206 gold pieces.

Inventory:

Hand Weapons
 a - a +0 hand axe of flaming (weapon)
 c - a +0 flail
 s - a +0 whip of venom
Armour
 b - a +0 cloak (worn)
 n - a +0 chain mail (worn)
 r - a +0 buckler (worn)
Jewellery
 f - a ring of willpower (right hand)
 l - a +6 ring of intelligence (left hand)
Scrolls
 e - a scroll of vulnerability {unknown}
 i - a scroll of poison {unknown}
 o - a scroll of immolation {unknown}
 p - a scroll of fear
Potions
 d - a potion of berserk rage
 g - a potion of invisibility {unknown}
 h - 3 potions of flight
 j - a potion of brilliance {unknown}
 k - 3 potions of curing
 m - 2 potions of heal wounds {unknown}
 q - a potion of might {unknown}


   Skills:
 * Level 4.6 Fighting
 * Level 4.3 Axes
 + Level 2.8 Armour
 + Level 2.8 Dodging


You had 5 spell levels left.
You didn't know any spells.
Your spell library was empty.

Dungeon Overview and Level Annotations

Branches:
Dungeon (4/15)
 Temple: D:4-7

Altars:
Cheibriados
Okawaru
Zin


Innate Abilities, Weirdness & Mutations

You have a pair of small antennae on your head.
You have large cloven feet.
You regenerate magic rapidly.


Message History

Found a stone staircase leading up.
You see here a +0 flail.
Found a cloak.
You see here a +0 cloak.
An ogre comes into view. It is wielding a +0 giant spiked club.
An ogre is nearby!
An ogre is nearby!
The ogre hits you but does no damage.
You hit the ogre. You burn the ogre. You kick the ogre.
The ogre is moderately wounded.
The ogre hits you with a +0 giant spiked club!
You barely miss the ogre.
The ogre is moderately wounded.
The ogre hits you with a +0 giant spiked club!!
You are too injured to fight recklessly!
You are too injured to fight recklessly!
You are too injured to fight recklessly!
You are too injured to fight recklessly!
You are too injured to fight recklessly!
You are too injured to fight recklessly!
You are too injured to fight recklessly!
You are too injured to fight recklessly!
You are too injured to fight recklessly!
You are too injured to fight recklessly!
You are too injured to fight recklessly!
An ogre is nearby!
You hit the ogre. You burn the ogre.
The ogre is heavily wounded.
You hit the ogre. You burn the ogre. You kick the ogre.
The ogre is severely wounded.
The ogre hits you with a +0 giant spiked club!
* * * LOW HITPOINT WARNING * * *
You hit the ogre. You burn the ogre. You kick the ogre, but do no damage.
The ogre is severely wounded.
The ogre hits you with a +0 giant spiked club.
* * * LOW HITPOINT WARNING * * *
You barely miss the ogre. You kick the ogre.
The ogre is almost dead.
The ogre hits you with a +0 giant spiked club!
You die...

##.# #....##....#.#.#.####.#.#
##.# #....##....#.#.#.####.#.##
##.# #....##....#.#.#...##.#...
...# #....##....#.#.###.##.####
##.. .....##.#.............# #
.... #.#.##.#.###.#### # ##..
#......#.###.# # .
.....#.####.#...# #
##############.#@# #.#.### #
#........<.......O.##.#.#########
##.##..........#....#.#........>.
##.##...#############.###########
.#.......)...............#
.####..[.#.####.....#.##.#
.#####.#.#.# #.....#.##.#
.#.......#.# #.....#.##.#
.#.......#.# #.....#.##.#


You could see an ogre.

Vanquished Creatures
  A scorpion (D:4)
  A hound (D:4)
  An iron imp (D:4)
  Crazy Yiuf (D:3)
  An orc wizard (D:3)
  Terence (D:2)
  2 adders
  3 gnolls (D:4)
  A dart slug (D:4)
  7 orcs
  2 ball pythons
  9 endoplasms
  2 giant cockroaches
  5 goblins
  A hobgoblin (D:4)
  5 quokkas
  3 bats
  A frilled lizard (D:2)
  2 kobolds
  3 rats
52 creatures vanquished.

Notes
Turn   | Place    | Note
-------+----------+-------------------------------------------
     0 | D:1      | sammy202020 the Demonspawn Berserker began the quest for
                  | the Orb.
     0 | D:1      | Reached XP level 1. HP: 18/18 MP: 1/1
    21 | D:1      | Found a faded altar of an unknown god.
   470 | D:1      | You fall into a shaft and drop 1 floor!
   710 | D:1      | Gained mutation: You regenerate magic rapidly. [demonic
                  | ancestry]
   710 | D:1      | Reached XP level 2. HP: 21/24 MP: 2/2
  2136 | D:2      | Discovered your monstrous ancestry.
  2136 | D:2      | Gained mutation: You have large cloven feet. [demonic
                  | ancestry]
  2136 | D:2      | Reached XP level 3. HP: 28/29 MP: 3/3
  2664 | D:2      | Noticed Terence
  2671 | D:2      | Killed Terence
  3149 | D:3      | Found a runed translucent door.
  3150 | D:3      | Noticed Crazy Yiuf
  3158 | D:3      | Killed Crazy Yiuf
  3159 | D:3      | Reached XP level 4. HP: 10/37 MP: 4/4
  3166 | D:3      | HP: 1/37 [poisoned by Crazy Yiuf]
  3741 | D:3      | Found an iron altar of Okawaru.
  4444 | D:4      | Gained mutation: You have a pair of small antennae on your
                  | head. [demonic ancestry]
  4444 | D:4      | Reached XP level 5. HP: 42/42 MP: 5/5
  4591 | D:4      | Found a snail-covered altar of Cheibriados.
  4861 | D:4      | Reached XP level 6. HP: 8/49 MP: 6/6
  4865 | D:4      | HP: 2/49 [poisoned by a scorpion]
  4871 | D:4      | HP: 2/49 [gnoll/+0 spear (7)]
  5261 | D:4      | HP: 1/49 [ogre/+0 giant spiked club (5)]
  5262 | D:4      | Mangled by an ogre

Illustrated notes

Levels and vault maps discovered:
D:1:      doesnt_arrival_eight_statues, layout_loops_ring,
          basic_ecumenical_altar, moated_statue
D:2:      layout_basic, uniq_terence
D:3:      layout_rooms, zin_treasury, mainiacjoe_overflow_24_doors,
          uniq_crazy_yiuf_cottage
D:4:      layout_basic, kennysheep_mini, slow_altar_2

Skill      XL: |  1  2  3  4  5 |
---------------+----------------+-----
Armour         | 2 |  2.8
Axes           | 3 4 |  4.3
Dodging        | 2 |  2.8
Fighting       | 4 |  4.6

Action                   |  1- 3 |  4- 6 || total
-------------------------+-------+-------++-------
Melee: Hand axe          |    78 |    95 ||   173
       Punch             |     1 |     1 ||     2
       Kick              |     5 |    28 ||    33
Invok: Berserk           |     2 |     1 ||     3
  Use: Scroll            |     7 |     2 ||     9
       Potion            |       |     1 ||     1
Armor: Leather armour    |     9 |       ||     9
       Scale mail        |     1 |    31 ||    32
       Chain mail        |       |    17 ||    17
Dodge: Dodged            |    42 |    36 ||    78
Block: Buckler           |       |     4 ||     4

Table legend: (Time is in decaauts)
 A = Elapsed time spent in this place.
 B = Non-inter-level travel time spent in this place.
 C = Inter-level travel time spent in this place.
 D = Time resting spent in this place.
 E = Time spent auto-exploring this place.
 F = Levels seen in this place.
 G = Mean time per level.
                   A        B        C        D        E       F      G
               +--------+--------+--------+--------+--------+-----+--------+
         Total |   5315 |   5138 |    177 |     58 |   4370 |   4 | 1328.8 |
       Dungeon |   5315 |   5138 |    177 |     58 |   4370 |   4 | 1328.8 |
               +--------+--------+--------+--------+--------+-----+--------+

Top non-repeatable levels by time:
     D:2: 1939 daAuts
     D:3: 1178 daAuts
     D:1: 1122 daAuts
     D:4: 1074 daAuts
